 Seeded DCSS version 0.27.1-3-gb3d3a73c9e (webtiles) character file.

Game seed: 20211018 (custom seed)

3 jessy the Sneak (level 1, -7/14 HPs)
             Began as an Octopode Brigand on Oct 18, 2021.
             Mangled by a goblin (13 damage)
             ... on level 1 of the Dungeon.
             The game lasted 00:01:52 (438 turns).

jessy the Sneak (Octopode Brigand)                   Turns: 438, Time: 00:01:53

Health: -7/14      AC:  1    Str: 10    XL:     1   Next: 50%
Magic:  1/1        EV: 12    Int: 13    God:
Gold:   7          SH:  0    Dex: 13    Spells: 0/0 levels left

rFire    . . .     SeeInvis .   a - +2 dagger
rCold    . . .     Faith    .   (no shield)
rNeg     . . .     Spirit   .   (helmet restricted)
rPois    .         Reflect  .   (no amulet)
rElec    .         Harm     .   (no ring)
rCorr    .         Rampage  .   (no ring)
Will     .....                  (no ring)
Stlth    ++++......             (no ring)
HPRegen  0.04/turn              (no ring)
MPRegen  0.07/turn              (no ring)
                                (no ring)
                                (no ring)

@: no status effects
A: almost no armour, amphibious, 8 rings, camouflage 1, gelatinous body 1,
(nimble swimmer 1), tentacles
a: no special abilities


You were on level 1 of the Dungeon.
You visited 1 branch of the dungeon, and saw 1 of its levels.

You collected 7 gold pieces.

Inventory:

Hand Weapons
 a - a +2 dagger (weapon)
Missiles
 b - 8 poisoned darts (quivered)
 c - 2 curare-tipped darts
 d - 26 bolts


   Skills:
 + Level 2.0 Fighting
 + Level 2.0 Short Blades
 + Level 2.0 Throwing
 + Level 1.0 Dodging
 + Level 5.6 Stealth


You couldn't memorise any spells.
You didn't know any spells.
Your spell library was empty.

Dungeon Overview and Level Annotations

Branches:
Dungeon (1/15)

Altars:


Innate Abilities, Weirdness & Mutations

You cannot wear most types of armour.
You are amphibious.
You can wear up to eight rings at the same time.
Your skin changes colour to match your surroundings (Stealth+).
Your rubbery body absorbs attacks. (AC +1, EV +1)
((You are camouflaged near water. (Stealth+)))
You have tentacles for arms and can constrict up to eight enemies at once.


Message History

You see here a dart slug corpse.
As you read the scroll labelled DUSKO RUOSK, it crumbles to dust.
You feel a surge of unholy energy.
It was a scroll of torment.
There is a fountain of clear blue water here.
There are no items here.
There is a fountain of clear blue water here.
There are no items here.
There are no items here.
There are no items here.
There are no items here.
There are no items here.
There are no items here.
You open the door.
Found 7 gold pieces.
There is an open door here.
You now have 7 gold pieces.
There is an open door here.
Found a stone staircase leading down.
A goblin comes into view.
It is wielding a +2 dagger of electrocution.
There is a stone staircase leading down here.
You open the door.
You see here 26 bolts.
d - 26 bolts
There is an open door here.
A rat comes into view.
There is an open door here.
The rat bites you.
You hit the rat but do no damage. You grab the rat. You constrict the rat.
The rat closely misses you.
You hit the rat but do no damage.
The rat is moderately wounded.
You constrict the rat. The rat bites you.
You hit the rat.
You kill the rat!
As you open the door, it creaks loudly!
The goblin shouts!
You barely miss the goblin. You grab the goblin. You constrict the goblin.
The goblin hits you with a +2 dagger of electrocution.
You are electrocuted!
Ouch! That really hurt!
You die...

#.# #......#.# #.#
#.#.......##.# #.#
.........#.#.# #.#
........# .#.#
########.# #######.#
#........# ........#
#........# ###.#.#.#
#........#
#.#.#g###........#
###....@...........#
.......#.###.......##
.......#.# #.......#
......##'###########
............#
............#
............#
............#
............#


You could see a goblin.

Vanquished Creatures
  A dart slug (D:1)
  A rat (D:1)
2 creatures vanquished.

Notes
Turn   | Place    | Note
-------+----------+-------------------------------------------
     0 | D:1      | jessy the Octopode Brigand began the quest for the Orb.
     0 | D:1      | Reached XP level 1. HP: 14/14 MP: 1/1
   438 | D:1      | Mangled by a goblin

Illustrated notes

Levels and vault maps discovered:
D:1:      matt_arrival_grand_opening, layout_basic, minmay_close_crescents

Action                   || total
-------------------------++-------
Melee: Dagger            ||     7
       Constrict         ||     3
       Tentacles         ||     2
  Use: Scroll            ||     1
Dodge: Dodged            ||     2
